 Dungeon Crawl Stone Soup version 0.30-a0-305-g026cb31310 (webtiles) character file.

Game seed: 11008792480388255435

6012 MrRokkomies the Fighter (level 10, -14/97 HPs)
             Began as an Armataur Gladiator on Oct 23, 2022.
             Was the Champion of Uskayaw.
             Demolished by a death yak (16 damage)
             ... on level 9 of the Dungeon.
             The game lasted 00:27:40 (6907 turns).

MrRokkomies the Fighter (Armataur Gladiator)        Turns: 6907, Time: 00:27:40

Health: -14/97     AC: 13    Str: 22    XL:     10   Next: 56%
Magic:  13/13      EV: 12    Int:  9    God:    Uskayaw [******]
Gold:   327        SH:  0    Dex: 19    Spells: 9/9 levels left

rFire   + . .      SeeInvis .    a - +1 rapier (elec)
rCold   . . .      Faith    .    (no shield)
rNeg    + + .      Spirit   .    w - +5 leather armour of Rorrea {rElec rF+ rN++ Stlth-}
rPois   .          Reflect  .    c - +1 helmet
rElec   +          Harm     .    (no cloak)
rCorr   .          Roll     +    f - +0 pair of gloves
Will    .....                    (no barding)
Stlth   ..........               m - amulet of regeneration
HPRegen 1.16/turn                b - +6 ring of dexterity
MPRegen 0.13/turn                (no ring)

@: about to teleport, on berserk cooldown, slowed, very slow
A: large, rugged brown scales 3, deformed body, armoured tail, roll, long
tongue, awkward tongue
a: Renounce Religion, Stomp, Line Pass, Grand Finale


You were on level 9 of the Dungeon.
You worshipped Uskayaw.
Uskayaw was noncommittal.
You visited 2 branches of the dungeon, and saw 10 of its levels.
You also visited: Sewer and Ossuary.

You collected 327 gold pieces.

Inventory:

Hand Weapons
 a - a +1 rapier of electrocution (weapon)
 i - a +0 flail of venom
Missiles
 d - a throwing net
 e - a javelin
 v - 61 poisoned darts (quivered)
 y - 3 boomerangs
 D - a curare-tipped dart
Armour
 c - a +1 helmet (worn)
 f - a +0 pair of gloves (worn)
 w - the +5 leather armour of Rorrea (worn) {rElec rF+ rN++ Stlth-}
   (You found it on level 5 of the Dungeon)

   rF:        It protects you from fire.
   rElec:     It insulates you from electricity.
   rN:        It greatly protects you from negative energy.
   Stlth:     It makes you less stealthy.
Jewellery
 b - a +6 ring of dexterity (left hand)
 m - an amulet of regeneration (around neck)
 q - a ring of flight
 F - an amulet of guardian spirit
Wands
 x - a wand of flame (34)
 B - a wand of quicksilver (9)
 G - a wand of mindburst (3)
Scrolls
 g - 2 scrolls of brand weapon
 l - a scroll of immolation
 p - 2 scrolls of fog
 r - 3 scrolls of poison
 s - 2 scrolls of teleportation
 C - 4 scrolls of identify
Potions
 h - 5 potions of lignification
 j - a potion of ambrosia
 k - 3 potions of brilliance {unknown}
 n - a potion of cancellation {unknown}
 o - 4 potions of curing
 t - 3 potions of heal wounds
 z - a potion of might {unknown}
 A - 2 potions of attraction
 E - a potion of flight {unknown}


   Skills:
 * Level 9.0 Fighting
 * Level 7.1 Short Blades
 - Level 4.3 Maces & Flails
 - Level 1.7 Throwing
 - Level 4.7 Armour
 + Level 5.5 Dodging
 + Level 5.1 Invocations


You had 9 spell levels left.
You didn't know any spells.
Your spell library contained the following spells:

 Spells                   Type           Power      Damage    Failure   Level
 Beastly Appendage        Tmut           0%         N/A       43%         1
 Cigotuvi's Dreadful Rot  Necr/Pois/Air  0%         N/A       56%         2
 Poisonous Vapours        Pois/Air       0%         N/A       56%         2
 Wereblood                Tmut           0%         N/A       56%         2
 Mephitic Cloud           Conj/Pois/Air  0%         N/A       80%         3
 Spider Form              Tmut/Pois      0%         N/A       80%         3


Dungeon Overview and Level Annotations

Branches:
Dungeon (9/15)             Temple (1/1) D:6           Sewer (visited)
Ossuary (visited)
   Lair: D:8-11         Orc: D:9-12

Altars:
Elyvilon
Fedhas
Trog
Uskayaw
Xom
Yredelemnul

Annotations:
D:4 2 runed translucent doors
D:6 2 transporters
D:8 3 runed translucent doors
D:9 3 runed translucent doors


Innate Abilities, Weirdness & Mutations

You are completely covered in rugged brown scales. (AC +3, +7% HP)
Armour fits poorly on your strangely shaped body.
You have a long armoured tail.
You roll when moving toward enemies. (Rampage)
Your long tongue fully drains potion bottles. (2x potion effects)
Your tongue gives you trouble enunciating. (1.5x scroll delay)


Message History

You are too berserk!
You feel a strong urge to attack something.
You closely miss the orc. You tail-slap the orc.
You kill the orc!
You roll towards the death yak!
You puncture the death yak!
Lightning courses through the death yak!!
The death yak is heavily wounded.
The death yak gores you!!
You hit the death yak. You punch the death yak.
The death yak is severely wounded.
You barely miss the death yak. You tail-slap the death yak!
The death yak is almost dead.
The death yak gores you!
You hit the death yak but do no damage. You tail-slap the death yak!
The death yak is almost dead.
You puncture the death yak!
Lightning courses through the death yak!
You kill the death yak!
Your Fighting skill increases to level 9!
Your Short Blades skill increases to level 7!
Your Invocations skill increases to level 5!
The death yak closely misses you. The death yak gores you!
You feel a strong urge to attack something.
You are no longer berserk.
You are exhausted.
You feel yourself slow down.
As you slowly read the scroll of teleportation, it crumbles to dust.
You feel strangely unstable. The death yak misses you.
The death yak completely misses you. The death yak gores you!
* * * LOW HITPOINT WARNING * * *
The death yak gores you but does no damage.
The death yak gores you!
* * * LOW HITPOINT WARNING * * *
Uskayaw links your audience in an emotional bond!
The death yak attacks as you move away! The death yak gores you!
* * * LOW HITPOINT WARNING * * *
The gnoll shouts!
The death yak gores you but does no damage.
The death yak gores you!
You die...

######....#### #.#
##............###.#
..................########.
.#
.....#........##...........
..# .Y..
##.....#....#######.## ..#
.. #....#####.## #.# ..#
##..(.#.....## #.###.#
#.##.#..>...#####.....# .
#.##.#...@...........#
....##.##....YYY.#####.#.?#
g.....(...g)##.Y#.#. ...#..#
...[##(.((())..###..#####..#
## #...######.#.#.#####..#
....... #...........#
#.......# #.#.#####.##
###+++### ####.#.## #.#
#.($...(# #.>.....####.#


You could see 4 death yaks and a gnoll.

Vanquished Creatures
  3 death yaks (D:9)
  A skeletal warrior (D:8)
  A gargoyle (D:8)
  A kobold demonologist (D:9)
  Psyche (D:8)
  2 water moccasins
  Duvessa (D:5)
  An ice beast (D:6)
  An orc warrior (D:7)
  3 black bears
  2 phantoms
  8 kobold brigands
  A bullfrog (D:8)
  A necrophage (D:4)
  2 scorpions
  5 wights (D:7)
  Dowan (D:5)
  A howler monkey (D:5)
  A human zombie (Ossuary)
  3 hounds
  2 gnoll boudas
  3 orc priests
  A jelly (D:6)
  2 iguanas
  4 orc wizards
  2 hound zombies (Ossuary)
  4 mummies (Ossuary)
  5 gnolls
  11 adders
  3 river rats
  A shadow imp (D:7)
  3 white imps
  An ufetubus (D:7)
  An adder zombie (Ossuary)
  8 worms
  4 dart slugs
  17 orcs
  7 ball pythons
  6 endoplasms
  2 giant cockroaches
  9 goblins
  3 hobgoblins
  7 jackals
  4 quokkas
  4 bats
  4 frilled lizards
  A gnoll zombie (Ossuary)
  3 goblin zombies (Ossuary)
  A hobgoblin zombie (Ossuary)
  2 jackal zombies (Ossuary)
  36 kobolds
  A kobold zombie (Ossuary)
  11 rats
213 creatures vanquished.

Vanquished Creatures (others)
  2 fungi (D:1)
2 creatures vanquished.

Grand Total: 215 creatures vanquished

Notes
Turn   | Place    | Note
-------+----------+-------------------------------------------
     0 | D:1      | MrRokkomies the Armataur Gladiator began the quest for the
                  | Orb.
     0 | D:1      | Reached XP level 1. HP: 18/18 MP: 1/1
   127 | D:1      | Reached skill level 2 in Fighting
   133 | D:1      | Reached XP level 2. HP: 17/25 MP: 2/2
   326 | D:1      | Reached skill level 1 in Armour
   563 | D:1      | Found a faded altar of an unknown god.
   966 | D:2      | Reached XP level 3. HP: 32/32 MP: 3/3
  2075 | D:3      | Reached skill level 3 in Fighting
  2109 | D:3      | Reached XP level 4. HP: 38/40 MP: 4/4
  2289 | D:4      | Found a sand-covered staircase.
  2298 | Ossuary  | Entered an ossuary
  2320 | Ossuary  | Reached XP level 5. HP: 48/48 MP: 5/5
  2726 | D:4      | Found a large runed translucent door.
  2726 | D:4      | Found a large runed translucent door.
  2807 | D:4      | Reached skill level 4 in Fighting
  2870 | D:4      | Reached XP level 6. HP: 39/55 MP: 6/6
  3049 | D:4      | Found a basalt altar of Yredelemnul.
  3188 | D:5      | Entered Level 5 of the Dungeon
  3554 | D:5      | Reached XP level 7. HP: 59/64 MP: 7/7
  3562 | D:5      | Noticed Duvessa
  3562 | D:5      | Noticed Dowan
  3585 | D:5      | Killed Duvessa
  3588 | D:5      | Killed Dowan
  3625 | D:5      | Identified the +5 leather armour of Rorrea {rElec rF+ rN++
                  | Stlth-}
  3657 | D:5      | Reached skill level 5 in Fighting
  4178 | D:5      | Reached skill level 1 in Short Blades
  4279 | D:6      | Reached XP level 8. HP: 72/73 MP: 8/8
  4315 | D:6      | Found a staircase to the Ecumenical Temple.
  4321 | Temple   | Entered the Ecumenical Temple
  4345 | Temple   | Became a worshipper of Uskayaw the Reveller
  4490 | D:6      | Reached * piety under Uskayaw
  4515 | D:6      | Reached ** piety under Uskayaw
  4519 | D:6      | Found a glowing drain.
  4523 | D:6      | Reached *** piety under Uskayaw
  4535 | Sewer    | Entered a sewer
  4820 | Sewer    | Reached skill level 1 in Invocations
  4885 | Sewer    | Reached skill level 6 in Fighting
  5190 | D:6      | Found a bloodstained altar of Trog.
  5190 | D:6      | Found a shimmering altar of Xom.
  5190 | D:6      | Found a white marble altar of Elyvilon.
  5194 | D:6      | Noticed a manticore
  5197 | D:6      | Found a transporter.
  5404 | D:6      | Found a transporter.
  5526 | D:7      | Reached **** piety under Uskayaw
  5528 | D:7      | Reached ***** piety under Uskayaw
  5530 | D:7      | Reached XP level 9. HP: 83/83 MP: 10/10
  5713 | D:7      | Reached skill level 7 in Fighting
  6383 | D:8      | Noticed a skeletal warrior
  6396 | D:8      | Noticed a skeletal warrior
  6405 | D:8      | Killed a skeletal warrior
  6406 | D:8      | Reached skill level 5 in Short Blades
  6412 | D:8      | Noticed a skeletal warrior
  6470 | D:8      | Found a blossoming altar of Fedhas.
  6525 | D:8      | Noticed a skeletal warrior
  6591 | D:8      | Noticed Psyche
  6602 | D:8      | Killed Psyche
  6611 | D:8      | Reached skill level 8 in Fighting
  6611 | D:8      | Reached skill level 5 in Dodging
  6664 | D:8      | Found a runed translucent gate.
  6664 | D:8      | Found a runed translucent gate.
  6664 | D:8      | Found a runed translucent gate.
  6668 | D:8      | Noticed a red ugly thing
  6668 | D:8      | Noticed a cyan ugly thing
  6670 | D:8      | Noticed a brown ugly thing
  6707 | D:8      | Noticed a gargoyle
  6732 | D:8      | Killed a gargoyle
  6768 | D:9      | Noticed a kobold demonologist
  6773 | D:9      | Noticed a smoke demon
  6774 | D:9      | Noticed a soul eater
  6776 | D:9      | Killed a kobold demonologist
  6777 | D:9      | Reached XP level 10. HP: 94/94 MP: 13/13
  6840 | D:9      | Noticed a death yak
  6847 | D:9      | Found a runed translucent gate.
  6847 | D:9      | Found a runed translucent gate.
  6847 | D:9      | Found a runed translucent gate.
  6876 | D:9      | Noticed a death yak
  6879 | D:9      | Noticed a death yak
  6882 | D:9      | Killed a death yak
  6883 | D:9      | Noticed a death yak
  6886 | D:9      | Noticed a death yak
  6887 | D:9      | Noticed a death yak
  6891 | D:9      | Noticed a death yak
  6893 | D:9      | Killed a death yak
  6899 | D:9      | Reached ****** piety under Uskayaw
  6903 | D:9      | Killed a death yak
  6904 | D:9      | Reached skill level 9 in Fighting
  6904 | D:9      | Reached skill level 5 in Invocations
  6907 | D:9      | HP: 1/97 [death yak (14)]
  6907 | D:9      | Demolished by a death yak

Illustrated notes

Levels and vault maps discovered:
D:1:      noname_arrival_rooms_in_the_neighbourhood, layout_loops_ring,
          shapermc_ecumenical_altar_mp_urbaneastern
D:2:      layout_basic, minivault_23
D:3:      layout_loops_ring
D:4:      layout_rooms, jmf_multi_god_temple2, mainiacjoe_overflow_paths,
          chequers_ossuary_entry_cave, kennysheep_pointless_box
D:5:      layout_layer_cave, hex_medium, minmay_holes,
          kennysheep_generic_room_9, uniq_duvessa
D:6:      layout_loops_cross, gammafunk_temple_overflow_arena,
          minmay_temple_entry_fiery, gup_sewer_entry_bowl
D:7:      layout_basic
D:8:      layout_loops_ring, nicolae_overflow_hidden_temple,
          ploomutoo_gammafunk_ghost_potion_laboratory, uniq_psyche
D:9:      layout_loops_ring, zin_purify, nicolae_ashenzari_panopticon,
          dpeg_lair_monsters, david_orc_2, ebering_ghost_rock_garden
Temple:   minmay_temple_forest_path

Skill      XL: |  1  2  3  4  5  6  7  8  9 10 |
---------------+-------------------------------+-----
Fighting       | 2 3 4 5 6 8 9 |  9.0
Armour         | 1 2 3 4 |  4.7
Maces & Flails | 3 4 |  4.3
Dodging        | 3 4 5 |  5.5
Short Blades   | 1 4 6 7 |  7.1
Invocations    | 2 4 5 |  5.1
Throwing       | |  1.7

Action                   |  1- 3 |  4- 6 |  7- 9 | 10-12 || total
-------------------------+-------+-------+-------+-------++-------
Melee: Flail             |    25 |   157 |    11 |       ||   193
       Tailslap          |    21 |    19 |    56 |     9 ||   105
       Dagger            |   118 |     5 |       |       ||   123
       Punch             |     1 |     1 |     5 |     1 ||     8
       Rapier            |       |       |   382 |    35 ||   417
Throw: Throwing net      |       |       |     9 |       ||     9
       Dart              |       |       |       |    10 ||    10
  Use: Scroll            |     5 |     6 |    13 |     1 ||    25
       Potion            |       |     1 |     3 |     1 ||     5
 Stab: Paralysed         |       |       |    10 |     3 ||    13
       Held in net/web   |       |       |     4 |       ||     4
Armor: Leather armour    |    20 |       |   172 |    11 ||   203
       Chain mail        |    43 |   136 |     2 |       ||   181
Dodge: Dodged            |    43 |    74 |   195 |    11 ||   323

Table legend: (Time is in decaauts)
 A = Elapsed time spent in this place.
 B = Non-inter-level travel time spent in this place.
 C = Inter-level travel time spent in this place.
 D = Time resting spent in this place.
 E = Time spent auto-exploring this place.
 F = Levels seen in this place.
 G = Mean time per level.
                   A        B        C        D        E       F      G
               +--------+--------+--------+--------+--------+-----+--------+
         Total |   7109 |   6951 |    158 |    342 |   4976 |  12 |  592.4 |
       Dungeon |   6013 |   5877 |    136 |    195 |   4401 |   9 |  668.1 |
        Temple |     46 |     24 |     22 |      0 |     17 |   1 |   46.0 |
         Sewer |    676 |    676 |      0 |      0 |    472 |   1 |  676.0 |
       Ossuary |    372 |    372 |      0 |    146 |     85 |   1 |  372.0 |
               +--------+--------+--------+--------+--------+-----+--------+

Top non-repeatable levels by time:
     D:5: 1034 daAuts
     D:2: 937 daAuts
     D:7: 820 daAuts
     D:6: 731 daAuts
     D:1: 694 daAuts
   Sewer: 676 daAuts
     D:3: 665 daAuts
     D:4: 551 daAuts
     D:8: 438 daAuts
 Ossuary: 372 daAuts
     D:9: 139 daAuts
  Temple: 46 daAuts
